 Dungeon Crawl Stone Soup version 0.21.1-1-g345015f (webtiles) character file.

691 diana the Skirmisher (level 7, -9/56 HPs)
             Began as a Demonspawn Monk on June 28, 2018.
             Was a Priest of Okawaru.
             Mangled by Ethylacetat's ghost (18 damage)
             ... on level 4 of the Dungeon.
             The game lasted 00:07:04 (3431 turns).

diana the Skirmisher (Demonspawn Monk)              Turns: 3431, Time: 00:07:04

Health: -9/56      AC:  5    Str: 12 (13) XL:     7   Next: 36%
Magic:  6/7        EV: 13    Int:  7 (9)  God:    Okawaru [***...]
Gold:   210        SH:  0    Dex: 16      Spells: 6/6 levels left

rFire    . . .     SeeInvis .   a - +0 mace
rCold    . . .     Gourm    .   (no shield)
rNeg     . . .     Faith    .   b - +0 robe
rPois    .         Spirit   .   (no helmet)
rElec    .         Reflect  .   (no cloak)
rCorr    .         Harm     .   d - +0 pair of gloves
MR       .....                  (no boots)
Stlth    +++.......             (no amulet)
HPRegen  0.18/turn              (no ring)
MPRegen  0.10/turn              (no ring)

@: no status effects
A: claws 2, talons 1, icy blue scales 1, dopey 1, powered by death 1, spiny 1,
evolution 1
a: Heroism, Renounce Religion


You were on level 4 of the Dungeon.
You worshipped Okawaru.
Okawaru was most pleased with you.
You were very hungry.

You visited 1 branch of the dungeon, and saw 5 of its levels.

You collected 210 gold pieces.

Inventory:

Hand Weapons
 a - a +0 mace (weapon)
Armour
 b - a +0 robe (worn)
 d - a +0 pair of gloves (worn)
 e - a +0 large shield
Jewellery
 k - an uncursed amulet of regeneration {unknown}
 q - a +2 ring of intelligence {unknown}
Wands
 s - a wand of polymorph (11)
Scrolls
 f - 3 scrolls of remove curse {unknown}
 g - a scroll of enchant armour {unknown}
 h - 3 scrolls of enchant weapon {unknown}
 i - 7 scrolls of identify {unknown}
 j - 4 scrolls of teleportation {unknown}
 m - 2 scrolls of blinking {unknown}
Potions
 l - 2 potions of curing
 p - 2 potions of heal wounds
 t - a potion of ambrosia
Comestibles
 c - 5 rations


   Skills:
 + Level 5.5 Fighting
 + Level 5.0 Maces & Flails
 - Level 2.6 Dodging
 + Level 4.9 Stealth


You had 6 spell levels left.
You didn't know any spells.

Dungeon Overview and Level Annotations

Branches:
Dungeon (5/15)             Temple (0/1) D:4

Altars:
Cheibriados
Dithmenos
Hepliaklqana
Okawaru
Qazlal
Zin

Annotations:
D:4 Ethylacetat's ghost, amateur DsFi


Innate Abilities, Weirdness & Mutations

You have very sharp fingernails.
You are partially covered in icy blue scales. (AC +2)
You regenerate a little health from kills.
You are partially covered in sharp spines.
You have sharp toenails.
You are dopey. (Int -2)
You evolve.


Message History

You barely miss Ethylacetat's ghost. You claw Ethylacetat's ghost.
Ethylacetat's ghost is moderately damaged.
Ethylacetat's ghost hits you!
You hit Ethylacetat's ghost.
You claw Ethylacetat's ghost, but do no damage.
Ethylacetat's ghost is heavily damaged.
You hit Ethylacetat's ghost but do no damage.
Your kick misses Ethylacetat's ghost.
Ethylacetat's ghost is heavily damaged.
Ethylacetat's ghost says, "I have seen your future, and it is all used up."
Ethylacetat's ghost hits you.
You hit Ethylacetat's ghost but do no damage.
Ethylacetat's ghost is heavily damaged.
You feel like a meek peon again. Ethylacetat's ghost hits you!
* * * LOW HITPOINT WARNING * * *
You barely miss Ethylacetat's ghost. Your kick misses Ethylacetat's ghost.
Ethylacetat's ghost is heavily damaged.
Ethylacetat's ghost hits you!!
You die...

### #.......#.._#_..#####
##.#####.##..####..#..##....
#.#.............'#.#.#'.####
##.#####.##..#...#####...##.
#.# #.....######.........
#.# ####.## #.##...### #.#
#.# #.###.## ##.# #W# #.#
#.#### #..# #@# #.###.....
#.## #.# #...###### #.#
#>#########.# #.#
#...........###### #.#
#########.#...<... #.#
#...#####. #.# ###.# #. #†#
#.# #) #.# #†# #.


You could see Ethylacetat's ghost.

Vanquished Creatures
  Grinder (D:4)
  3 killer bees (D:4)
  A hound (D:4)
  An orc wizard (D:4)
  An iguana (D:4)
  Ijyb (D:4)
  A worker ant (D:4)
  A hound skeleton (D:4)
  9 adders
  An ooze (D:4)
  2 adder skeletons (D:4)
  2 worms
  2 dart slugs
  5 leopard geckos
  3 orcs (D:4)
  15 giant cockroaches
  8 goblins
  7 hobgoblins
  9 jackals
  2 quokkas
  4 bats
  8 frilled lizards
  5 kobolds
  A leopard gecko skeleton (D:4)
  9 rats
102 creatures vanquished.

Notes
Turn   | Place    | Note
-------+----------+-------------------------------------------
     0 | D:1      | diana the Demonspawn Monk began the quest for the Orb.
     0 | D:1      | Reached XP level 1. HP: 18/18 MP: 1/1
   397 | D:1      | Gained mutation: You have sharp fingernails. [demonic ancestry]
   397 | D:1      | Reached XP level 2. HP: 18/24 MP: 2/2
  1034 | D:2      | Gained mutation: You are partially covered in icy blue scales. (AC +2) [demonic ancestry]
  1034 | D:2      | Reached XP level 3. HP: 29/29 MP: 3/3
  1173 | D:2      | Found a hazy altar of Hepliaklqana.
  1242 | D:2      | Gained mutation: You are dopey. (Int -2) [potion of mutation]
  1242 | D:2      | Gained mutation: You have sharp toenails. [potion of mutation]
  1242 | D:2      | Gained mutation: You evolve. [potion of mutation]
  1246 | D:2      | Gained mutation: You are partially covered in sharp spines. [demonic ancestry]
  1246 | D:2      | Reached XP level 4. HP: 10/37 MP: 4/4
  1597 | D:2      | Found an iron altar of Okawaru.
  1662 | D:2      | Became a worshipper of Warmaster Okawaru
  1662 | D:2      | Reached * piety under Okawaru
  1662 | D:2      | Reached ** piety under Okawaru
  2162 | D:3      | Gained mutation: You have very sharp fingernails. [demonic ancestry]
  2162 | D:3      | Reached XP level 5. HP: 39/42 MP: 5/5
  2234 | D:3      | Found a faded altar of an unknown god.
  2606 | D:4      | Found a snail-covered altar of Cheibriados.
  2606 | D:4      | Found a stormy altar of Qazlal.
  2607 | D:4      | Found a glowing silver altar of Zin.
  2627 | D:4      | Found a shadowy altar of Dithmenos.
  2645 | D:4      | Noticed Ijyb
  2658 | D:4      | Killed Ijyb
  2681 | D:4      | Found a staircase to the Ecumenical Temple.
  2862 | D:4      | Noticed Ethylacetat's ghost (amateur DsFi)
  2901 | D:4      | Gained mutation: You regenerate a little health from kills. [demonic ancestry]
  2901 | D:4      | Reached XP level 6. HP: 49/49 MP: 6/6
  2918 | D:4      | Noticed Grinder
  2937 | D:4      | Killed Grinder
  2937 | D:4      | Reached *** piety under Okawaru
  2937 | D:4      | Reached skill level 5 in Fighting
  2937 | D:4      | Reached XP level 7. HP: 45/56 MP: 7/7
  3249 | D:4      | Reached skill level 5 in Maces & Flails
  3320 | D:5      | Entered Level 5 of the Dungeon
  3431 | D:4      | Mangled by Ethylacetat's ghost

Skill      XL: |  1  2  3  4  5  6  7 |
---------------+----------------------+-----
Stealth        | 2 3 4 |  4.9
Maces & Flails | 3 4 5 |  5.0
Fighting       | 4 5 |  5.5
Dodging        | |  2.6

Action                   |  1- 3 |  4- 6 |  7- 9 || total
-------------------------+-------+-------+-------++-------
Melee: Mace              |   110 |   112 |    24 ||   246
       Kick              |       |    34 |     5 ||    39
Invok: Heroism           |       |       |     1 ||     1
  Use: Potion            |     4 |     6 |       ||    10
 Stab: Sleeping          |     5 |     6 |     1 ||    12
  Eat: Chunk             |     1 |     6 |       ||     7
Armor: Robe              |    69 |    29 |     2 ||   100
Dodge: Dodged            |   131 |    78 |    18 ||   227
